 Dungeon Crawl Stone Soup version 0.30.1-11-g7821555f0a (webtiles) character file.

Game seed: 7590723514111335222

578 jfcaron the Chopper (level 7, -4/60 HPs)
             Began as a Gnoll Berserker on Nov 12, 2023.
             Was a Believer of Trog.
             Slain by a water moccasin (7 damage)
             ... on level 5 of the Dungeon.
             The game lasted 00:06:38 (3589 turns).

jfcaron the Chopper (Gnoll Berserker)               Turns: 3589, Time: 00:06:39

Health: -4/60      AC:  7    Str: 16    XL:     7   Next: 36%
Magic:  2/10       EV:  5    Int:  6    God:    Trog [**....]
Gold:   162        SH: 11    Dex: 12    Spells: 11/11 levels left

rFire   . . .        w - +1 war axe
rCold   . . .        s - +0 tower shield
rNeg    . . .        l - +0 chain mail
rPois   +            (helmet restricted)
rElec   .            (no cloak)
rCorr   .            (no gloves)
SInv    +            o - +0 pair of boots
Will    .....        (no amulet) Stlth
                     i - ring of see invisible
HPRegen 0.30/turn    (no ring)
MPRegen 0.12/turn

%: no passive effects
@: mighty
A: fangs 1, strong nose, distributed training, horns 1, deformed body, poison
resistance, weak 1, MP-powered wands
a: Renounce Religion, Berserk, Trog's Hand


You were on level 5 of the Dungeon.
You worshipped Trog.
Trog was pleased with you.
You visited 1 branch of the dungeon, and saw 5 of its levels.

You collected 162 gold pieces.

Inventory:

Hand Weapons
 a - a +0 hand axe
 w - a +1 war axe (weapon)
Missiles
 f - 5 curare-tipped darts {!f}
 k - 3 poisoned darts
 p - 35 stones
 A - a throwing net {!f}
Armour
 b - a +0 animal skin
 c - a +0 ring mail
 l - a +0 chain mail (worn)
 o - a +0 pair of boots (worn)
 s - a +0 tower shield (worn)
 y - a +1 helmet
Jewellery
 i - a ring of see invisible (left hand)
Wands
 t - a wand of roots (4)
Scrolls
 d - a scroll of fog
 m - 2 scrolls of enchant weapon
 u - a scroll of teleportation
 z - a scroll of immolation
Potions
 e - a potion of lignification
 j - a potion of degeneration {unknown}
 n - a potion of ambrosia {unknown}
 q - 2 potions of brilliance
 r - a potion of resistance {unknown}
 v - a potion of heal wounds {unknown}


   Skills:
 + Level 7.0 Fighting
 + Level 2.5 Short Blades
 + Level 2.5 Long Blades
 + Level 7.0 Axes
 + Level 2.5 Maces & Flails
 + Level 2.5 Polearms
 + Level 2.5 Staves
 + Level 2.5 Ranged Weapons
 + Level 2.5 Throwing
 + Level 5.2 Armour
 + Level 5.2 Dodging
 + Level 2.5 Stealth
 + Level 2.5 Shields
 + Level 2.5 Unarmed Combat
 + Level 2.5 Spellcasting
 + Level 2.0 Conjurations
 + Level 2.0 Hexes
 + Level 2.0 Summonings
 + Level 2.0 Necromancy
 + Level 2.0 Translocations
 + Level 2.0 Transmutations
 + Level 2.0 Fire Magic
 + Level 2.0 Ice Magic
 + Level 2.0 Air Magic
 + Level 2.0 Earth Magic
 + Level 2.0 Poison Magic
 + Level 2.8 Invocations
 + Level 2.5 Evocations


You had 11 spell levels left.
You didn't know any spells.
Your spell library was empty.

Dungeon Overview and Level Annotations

Branches:
Dungeon (5/15)             Temple (0/1) D:4

Altars:

Portals:
Ossuary: D:5

Annotations:
D:5 Blork the orc


Innate Abilities, Weirdness & Mutations

You have very sharp teeth.
Your uncanny sense of smell can sniff out nearby items.
Your experience applies equally to all skills.
You have a pair of small horns on your head.
Armour fits poorly on your strangely shaped body.
Your system is resistant to poisons. (rPois)
You are weak. (Str -2)
You expend magic power (3 MP) to strengthen your wands.


Message History

The grasping roots constrict the water moccasin.
You hear a shout! x2
The water moccasin escapes!
The orc struggles to escape constriction.
You block the water moccasin's attack.
Your Conjurations skill increases to level 2!
Your Hexes skill increases to level 2!
Your Summonings skill increases to level 2!
Your Necromancy skill increases to level 2!
Your Translocations skill increases to level 2!
Your Transmutations skill increases to level 2!
Your Fire Magic skill increases to level 2!
Your Ice Magic skill increases to level 2!
Your Air Magic skill increases to level 2!
Your Earth Magic skill increases to level 2!
Your Poison Magic skill increases to level 2!
Okay, then.
You feel better.
You hear the slow hiss of an avalanche of sand.
The grasping roots constrict the orc!
You kill the orc!
Trog accepts your kill. The water moccasin bites you!
* * * LOW HITPOINT WARNING * * *
You hit the water moccasin.
Your headbutt misses the water moccasin.
The water moccasin is heavily wounded.
The water moccasin bites you!
* * * LOW HITPOINT WARNING * * *
The water moccasin barely misses you.
You feel better.
The water moccasin bites you but does no damage.
The water moccasin bites you!
* * * LOW HITPOINT WARNING * * *
Okay, then.
Unknown command.
It was a potion of might.
You feel very mighty all of a sudden. The water moccasin bites you!
You die...

#....# ###....#
#......#####
#...#†#......#
... ##.#......#
..#.##..#).....#
.......o..).....#
....(.#####S#####
.#(##......@# .(
###..........#
#......)...#
#..........#
............#
........∩....#
..#..........#
.#############


You could see a water moccasin.

Vanquished Creatures
  Menkaure (D:4)
  A black bear (D:5)
  3 hounds
  The ghost of mrw3rdna the Stinger, a weakling SpVM (D:3)
  Natasha (thrice) (D:3)
  An orc wizard (D:5)
  3 gnolls (D:2)
  4 adders
  3 worms
  2 orcs
  5 ball pythons
  4 bats
  7 endoplasms
  6 giant cockroaches
  2 hobgoblins
  8 jackals
  8 kobolds
  2 quokkas
  2 frilled lizards
  5 goblins
  A rat (D:1)
72 creatures vanquished.

Notes
Turn   | Place    | Note
-------+----------+-------------------------------------------
     0 | D:1      | jfcaron the Gnoll Berserker began the quest for the Orb.
     0 | D:1      | Reached XP level 1. HP: 23/23 MP: 1/1
   108 | D:1      | Reached XP level 2. HP: 26/29 MP: 2/2
   801 | D:2      | Reached XP level 3. HP: 31/35 MP: 3/3
   883 | D:2      | Reached skill level 1 in Invocations
   886 | D:2      | Reached skill level 1 in Short Blades
   886 | D:2      | Reached skill level 1 in Long Blades
   886 | D:2      | Reached skill level 1 in Maces & Flails
   886 | D:2      | Reached skill level 1 in Polearms
   886 | D:2      | Reached skill level 1 in Staves
   886 | D:2      | Reached skill level 1 in Ranged Weapons
   886 | D:2      | Reached skill level 1 in Throwing
   886 | D:2      | Reached skill level 1 in Stealth
   886 | D:2      | Reached skill level 1 in Shields
   886 | D:2      | Reached skill level 1 in Unarmed Combat
   886 | D:2      | Reached skill level 1 in Spellcasting
   886 | D:2      | Reached skill level 1 in Evocations
   886 | D:2      | Found a faded altar of an unknown god.
  1164 | D:2      | Reached XP level 4. HP: 41/41 MP: 5/5
  1258 | D:2      | Reached ** piety under Trog
  1262 | D:2      | Reached skill level 1 in Conjurations
  1262 | D:2      | Reached skill level 1 in Hexes
  1262 | D:2      | Reached skill level 1 in Summonings
  1262 | D:2      | Reached skill level 1 in Necromancy
  1262 | D:2      | Reached skill level 1 in Translocations
  1262 | D:2      | Reached skill level 1 in Transmutations
  1262 | D:2      | Reached skill level 1 in Fire Magic
  1262 | D:2      | Reached skill level 1 in Ice Magic
  1262 | D:2      | Reached skill level 1 in Air Magic
  1262 | D:2      | Reached skill level 1 in Earth Magic
  1262 | D:2      | Reached skill level 1 in Poison Magic
  1508 | D:2      | Identified the staff of poison "Xunac" {+Blink rPois Will++
                  | Dex+4 Stlth-}
  1819 | D:3      | Noticed Natasha
  1827 | D:3      | Killed Natasha
  1828 | D:3      | Reached XP level 5. HP: 37/47 MP: 5/7
  1982 | D:3      | Noticed mrw3rdna's ghost (weakling SpVM)
  1985 | D:3      | Found a runed translucent door.
  2000 | D:3      | Noticed Natasha
  2013 | D:3      | Killed Natasha
  2358 | D:3      | Noticed Natasha
  2365 | D:3      | Killed Natasha
  2685 | D:3      | Killed mrw3rdna's ghost
  2686 | D:3      | Reached XP level 6. HP: 53/53 MP: 8/8
  2751 | D:4      | Gained mutation: You occasionally lose the ability to read
                  | scrolls when taking damage. [potion of mutation]
  2751 | D:4      | Gained mutation: You are partially covered in iridescent
                  | scales. (AC +2) [potion of mutation]
  2751 | D:4      | Gained mutation: You are dopey. (Int -2) [potion of
                  | mutation]
  2752 | D:4      | Lost mutation: You occasionally lose the ability to read
                  | scrolls when taking damage. [potion of mutation]
  2752 | D:4      | Lost mutation: You are partially covered in iridescent
                  | scales. (AC +2) [potion of mutation]
  2752 | D:4      | Lost mutation: You are dopey. (Int -2) [potion of mutation]
  2752 | D:4      | Gained mutation: You are frail. (-10% HP) [potion of
                  | mutation]
  2752 | D:4      | Gained mutation: You occasionally shout uncontrollably at
                  | your foes. [potion of mutation]
  2752 | D:4      | Gained mutation: You are agile. (Dex +4, Str/Int -1)
                  | [potion of mutation]
  2753 | D:4      | Lost mutation: You occasionally shout uncontrollably at
                  | your foes. [potion of mutation]
  2753 | D:4      | Lost mutation: You are frail. (-10% HP) [potion of
                  | mutation]
  2753 | D:4      | Lost mutation: You are agile. (Dex +4, Str/Int -1) [potion
                  | of mutation]
  2753 | D:4      | Gained mutation: You are weak. (Str -2) [potion of
                  | mutation]
  2753 | D:4      | Gained mutation: Armour fits poorly on your strangely
                  | shaped body. [potion of mutation]
  2753 | D:4      | Gained mutation: You are frail. (-10% HP) [potion of
                  | mutation]
  2753 | D:4      | Gained mutation: Your movements are slightly less
                  | encumbered by armour. (ER -2) [potion of mutation]
  2754 | D:4      | Lost mutation: Your movements are slightly less encumbered
                  | by armour. (ER -2) [potion of mutation]
  2754 | D:4      | Lost mutation: You are frail. (-10% HP) [potion of
                  | mutation]
  2754 | D:4      | Gained mutation: You expend magic power (3 MP) to
                  | strengthen your wands. [potion of mutation]
  2754 | D:4      | Gained mutation: Your system is resistant to poisons.
                  | (rPois) [potion of mutation]
  2754 | D:4      | Gained mutation: You have a pair of small horns on your
                  | head. [potion of mutation]
  2858 | D:4      | Noticed Menkaure
  2862 | D:4      | Killed Menkaure
  2863 | D:4      | Reached skill level 5 in Armour
  2863 | D:4      | Reached skill level 5 in Dodging
  2960 | D:4      | Found a staircase to the Ecumenical Temple.
  3340 | D:4      | Reached XP level 7. HP: 55/59 MP: 10/10
  3546 | D:5      | Entered Level 5 of the Dungeon
  3546 | D:5      | Noticed Blork the orc
  3578 | D:5      | Found a sand-covered staircase.
  3584 | D:5      | HP: 11/60 [black bear (6)]
  3587 | D:5      | HP: 2/60 [water moccasin (7)]
  3589 | D:5      | Slain by a water moccasin

Illustrated notes

Levels and vault maps discovered:
D:1:      dpeg_arrival_lava_altar, layout_rooms, minmay_tall_x
D:2:      layout_basic, nicolae_ecumenical_snake_handling,
          minmay_misc_feat_plants
D:3:      layout_loops_ring, hellmonk_ghost_happy_afterlife,
          serial_bayou_crossing, uniq_natasha
D:4:      layout_basic, minmay_temple_entry_crystal_x, corexii_checkpoint_a,
          uniq_menkaure
D:5:      layout_rooms, overflow_temple_1_default, enter_ossuary_3,
          uniq_blork_the_orc

Skill      XL: |  1  2  3  4  5  6  7 |
---------------+----------------------+-----
Invocations    | 1 2 |  2.8
Short Blades   | 1 2 |  2.5
Long Blades    | 1 2 |  2.5
Maces & Flails | 1 2 |  2.5
Polearms       | 1 2 |  2.5
Staves         | 1 2 |  2.5
Ranged Weapons | 1 2 |  2.5
Throwing       | 1 2 |  2.5
Stealth        | 1 2 |  2.5
Shields        | 1 2 |  2.5
Unarmed Combat | 1 2 |  2.5
Spellcasting   | 1 2 |  2.5
Evocations     | 1 2 |  2.5
Conjurations   | 1 2 |  2.0
Hexes          | 1 2 |  2.0
Summonings     | 1 2 |  2.0
Necromancy     | 1 2 |  2.0
Translocations | 1 2 |  2.0
Transmutations | 1 2 |  2.0
Fire Magic     | 1 2 |  2.0
Ice Magic      | 1 2 |  2.0
Air Magic      | 1 2 |  2.0
Earth Magic    | 1 2 |  2.0
Poison Magic   | 1 2 |  2.0
Armour         | 5 |  5.2
Dodging        | 5 |  5.2
Fighting       | 7 |  7.0
Axes           | 7 |  7.0

Action                     |  1- 3 |  4- 6 |  7- 9 || total
---------------------------+-------+-------+-------++-------
  Melee: Hand axe          |    94 |    74 |       ||   168
         Bite              |    10 |     6 |     1 ||    17
         Punch             |     1 |       |       ||     1
         War axe           |       |    60 |    18 ||    78
         Headbutt          |       |     7 |     4 ||    11
  Throw: Dart              |       |       |     3 ||     3
 Invoke: Berserk           |       |     2 |       ||     2
         Trog's Hand       |       |       |     1 ||     1
  Evoke: Wand              |       |       |     3 ||     3
    Use: Scroll            |       |    10 |     2 ||    12
         Potion            |       |     4 |     4 ||     8
 Armour: Ring mail         |    21 |       |       ||    21
         Chain mail        |    12 |    64 |    16 ||    92
  Dodge: Dodged            |    50 |    38 |    10 ||    98
  Block: Tower shield      |       |    84 |    18 ||   102

Table legend: (Time is in decaauts)
 A = Elapsed time spent in this place.
 B = Non-inter-level travel time spent in this place.
 C = Inter-level travel time spent in this place.
 D = Time resting spent in this place.
 E = Time spent auto-exploring this place.
 F = Levels seen in this place.
 G = Mean time per level.
                   A        B        C        D        E       F      G
               +--------+--------+--------+--------+--------+-----+--------+
         Total |   3661 |   3374 |    287 |    290 |   2452 |   5 |  732.2 |
       Dungeon |   3661 |   3374 |    287 |    290 |   2452 |   5 |  732.2 |
               +--------+--------+--------+--------+--------+-----+--------+

Top non-repeatable levels by time:
     D:3: 1028 daAuts
     D:2: 994 daAuts
     D:4: 830 daAuts
     D:1: 754 daAuts
     D:5: 53 daAuts

Table legend:
 A = Kills in this place as a percentage of kills in the entire game.
 B = Kills by you in this place as a percentage of kills by you in the entire game.
 C = Kills by friends in this place as a percentage of kills by friends in the entire game.
 D = Other kills in this place as a percentage of other kills in the entire game.
 E = Experience gained in this place as a percentage of experience gained in the entire game.
 F = Experience gained in this place divided by the number of levels of this place that you have seen.
                   A       B       C       D       E      F
               +-------+-------+-------+-------+-------+----------------------
         Total | 100.0 | 100.0 |   N/A |   N/A | 100.0 | 165.4
       Dungeon | 100.0 | 100.0 |   N/A |   N/A | 100.0 | 165.4
               +-------+-------+-------+-------+-------+----------------------

Levels and vault maps discovered:
D:1:      dpeg_arrival_lava_altar, layout_rooms, minmay_tall_x
D:2:      layout_basic, nicolae_ecumenical_snake_handling,
          minmay_misc_feat_plants
D:3:      layout_loops_ring, hellmonk_ghost_happy_afterlife,
          serial_bayou_crossing, uniq_natasha
D:4:      layout_basic, minmay_temple_entry_crystal_x, corexii_checkpoint_a,
          uniq_menkaure
D:5:      layout_rooms, overflow_temple_1_default, enter_ossuary_3,
          uniq_blork_the_orc
